 Dungeon Crawl Stone Soup version 0.28-a0-410-gbef64dd269 (webtiles) character file.

Game seed: 2645884243932640895

13 Demosthentine the Poker (level 2, -1/23 HPs)
             Began as a Merfolk Gladiator on Sept 6, 2021.
             Slain by a gnoll (6 damage)
             ... on level 2 of the Dungeon.
             The game lasted 00:00:40 (1104 turns).

Demosthentine the Poker (Merfolk Gladiator)         Turns: 1104, Time: 00:00:41

Health: -1/23      AC:  5    Str: 14    XL:     2   Next: 37%
Magic:  2/2        EV: 13    Int:  7    God:
Gold:   32         SH:  0    Dex: 15    Spells: 1/1 levels left

rFire   . . .      SeeInvis .   a - +0 trident
rCold   . . .      Faith    .   (no shield)
rNeg    . . .      Spirit   .   b - +0 leather armour
rPois   .          Reflect  .   c - +0 helmet
rElec   .          Harm     .   (no cloak)
rCorr   .          Rampage  .   (no gloves)
Will    .....                   i - +0 pair of boots
Stlth   +.........              (no amulet)
HPRegen 0.07/turn               (no ring)
MPRegen 0.08/turn               (no ring)

@: no status effects
A: (nimble swimmer 2), mertail
a: no special abilities


You were on level 2 of the Dungeon.
You visited 1 branch of the dungeon, and saw 2 of its levels.

You collected 32 gold pieces.

Inventory:

Hand Weapons
 a - a +0 trident (weapon)
Missiles
 d - 3 throwing nets (quivered)
Armour
 b - a +0 leather armour (worn)
 c - a +0 helmet (worn)
 i - a +0 pair of boots (worn)
Scrolls
 f - 2 scrolls of vulnerability
 h - a scroll of magic mapping {unknown}
Potions
 e - 3 potions of flight {unknown}
 g - a potion of mutation {unknown}


   Skills:
 + Level 2.4 Fighting
 + Level 4.7 Polearms
 - Level 2.0 Throwing
 + Level 0.4 Armour
 + Level 4.2 Dodging


You had one spell level left.
You didn't know any spells.
Your spell library contained the following spells:

 Spells                   Type           Power      Damage    Failure   Level
 Sting                    Tmut/Pois      0%         1d3       52%         1
 Poisonous Vapours        Pois/Air       0%         N/A       65%         2
 Olgreb's Toxic Radiance  Pois           0%         N/A       99%         4


Dungeon Overview and Level Annotations

Branches:
Dungeon (2/15)

Altars:


Innate Abilities, Weirdness & Mutations

((You are quick and stealthy near water. (Stealth+, EV+, Speed+++)))
Your lower body shifts to a powerful aquatic tail in water.


Message History

There is an open door here.
A bat comes into view.
The bat misses you.
A bat is nearby!
You miss the bat. The bat hits you but does no damage.
The bat closely misses you.
A bat is nearby!
You hit the bat.
You kill the bat!
No target in view! 2 gnolls come into view.
There are monsters nearby!
You reach to attack!
You hit the gnoll.
The gnoll is moderately wounded.
There are monsters nearby!
You barely miss the gnoll.
The gnoll is moderately wounded.
The gnoll shouts!
You hear a shout!
The gnoll hits you with a +0 flail!
A hobgoblin comes into view.
There are monsters nearby!
You hit the gnoll but do no damage.
The gnoll is moderately wounded.
The gnoll barely misses you.
A gnoll comes into view. It is wielding a +0 spear.
Unknown command.
The gnoll shouts!
There is an open door here.
There is a stone staircase leading up here.
Reach: a) +0 trident
Press: ? - help, Dir - move target, f/p - gnoll
Aim: a gnoll, wielding a +0 flail (moderately wounded, about 36% to evade your +0 trident)
You reach to attack!
You hit the gnoll.
The gnoll is moderately wounded.
Unknown command.
The gnoll hits you with a +0 flail!
Ouch! That really hurt!
* * * LOW HITPOINT WARNING * * *
The gnoll hits you from afar with a +0 spear.
You die...

#.. ### .## # ...
# .. #.##.# ..
#.##.# ..# #.##.#
###.#########..#.#
#@#.##......)....#
#g#.##...........#
#g#.##...........#
#g#..g.g..g.......
#.#..#....g.......
#.g..#............
####.#.#########..
#......#.# #..
#.(#####.# #..


You could see 3 gnolls and a hobgoblin.

Vanquished Creatures
  3 ball pythons (D:1)
  3 endoplasms (D:1)
  A goblin (D:2)
  A kobold (D:1)
  2 bats
  A frilled lizard (D:1)
  A rat (D:1)
12 creatures vanquished.

Notes
Turn   | Place    | Note
-------+----------+-------------------------------------------
     0 | D:1      | Demosthentine the Merfolk Gladiator began the quest for the
                  | Orb.
     0 | D:1      | Reached XP level 1. HP: 16/16 MP: 1/1
   420 | D:1      | Reached XP level 2. HP: 20/23 MP: 2/2
  1104 | D:2      | Slain by a gnoll

Illustrated notes

Levels and vault maps discovered:
D:1:      dpeg_arrival_arbitrary_c, layout_loops_ring, nrook_campfire,
          chequers_decorated_corner
D:2:      layout_basic, ebering_ecumenical_altar_mist, minmay_lizard_pond

Action                   || total
-------------------------++-------
Melee: Trident           ||    25
  Use: Scroll            ||     2
 Stab: Sleeping          ||     1
Armor: Leather armour    ||     2
Dodge: Dodged            ||     5

Table legend: (Time is in decaauts)
 A = Elapsed time spent in this place.
 B = Non-inter-level travel time spent in this place.
 C = Inter-level travel time spent in this place.
 D = Time resting spent in this place.
 E = Time spent auto-exploring this place.
 F = Levels seen in this place.
 G = Mean time per level.
                   A        B        C        D        E       F      G
               +--------+--------+--------+--------+--------+-----+--------+
         Total |   1105 |   1024 |     81 |      0 |    897 |   2 |  552.5 |
       Dungeon |   1105 |   1024 |     81 |      0 |    897 |   2 |  552.5 |
               +--------+--------+--------+--------+--------+-----+--------+

Top non-repeatable levels by time:
     D:1: 1009 daAuts
     D:2: 96 daAuts
